 Dungeon Crawl Stone Soup version 0.28-a0-769-g550dbda0cd (webtiles) character file.

Game seed: 16990150096128290413

7 jasper the Charlatan (level 1, -1/15 HPs)
             Began as a Demonspawn Artificer on Oct 31, 2021.
             Slain by a gnoll (3 damage)
             ... on level 2 of the Dungeon.
             The game lasted 00:00:39 (237 turns).

jasper the Charlatan (Demonspawn Artificer)          Turns: 237, Time: 00:00:40

Health: -1/15      AC:  3    Str: 12    XL:     1   Next: 83%
Magic:  1/1        EV: 11    Int: 12    God:
Gold:   0          SH:  0    Dex: 13    Spells: 0/0 levels left

rFire   . . .      SeeInvis .   a - +0 club
rCold   . . .      Faith    .   (no shield)
rNeg    . . .      Spirit   .   b - +0 leather armour
rPois   .          Reflect  .   (no helmet)
rElec   .          Harm     .   (no cloak)
rCorr   .          Rampage  .   (no gloves)
Will    .....                   (no boots)
Stlth   +.........              (no amulet)
HPRegen 0.05/turn               (no ring)
MPRegen 0.07/turn               (no ring)

@: no status effects
A: no striking features
a: no special abilities


You were on level 2 of the Dungeon.
You visited 1 branch of the dungeon, and saw 3 of its levels.

Inventory:

Hand Weapons
 a - a +0 club (weapon)
Missiles
 g - 20 stones
Armour
 b - a +0 leather armour (worn)
Wands
 c - a wand of flame (9) (quivered)
 d - a wand of charming (14)
Potions
 f - a potion of haste {unknown}
 h - a potion of lignification {unknown}
 i - a potion of cancellation {unknown}
Miscellaneous
 e - a piece from Xom's chessboard (15/15)


   Skills:
 + Level 1.2 Fighting
 + Level 2.0 Armour
 + Level 1.1 Dodging
 - Level 0.8 Stealth
 + Level 3.1 Evocations


You couldn't memorise any spells.
You didn't know any spells.
Your spell library was empty.

Dungeon Overview and Level Annotations

Branches:
Dungeon (3/15)

Altars:

Annotations:
D:3 Sigmund


Message History

A gnoll comes into view. It is wielding a +0 whip.
You see here 11 gold pieces.
A hobgoblin comes into view.
The gnoll shouts!
You hear a shout!
The hobgoblin shouts!
You hit the frilled lizard.
You kill the frilled lizard!
Your Armour skill increases to level 2!
Aiming: Throw Flame
Press: ? - help, Shift-Dir - straight line, f - gnoll
Aim: a gnoll, wielding a +0 whip (75% to hit)
The puff of flame hits the gnoll.
The gnoll is heavily wounded.
Aiming: Throw Flame
Press: ? - help, Q - select action, (/) - cycle Shift-Dir - straight line, f/p - gnoll
Aim: a gnoll, wielding a +0 whip (heavily wounded, 75% to hit)
The puff of flame misses the gnoll.
The gnoll hits you with a +0 whip.
You take 4 damage, and have 11/15 hp.
MASSIVE DAMAGE!!
Aiming: Throw Flame
Press: ? - help, Q - select action, (/) - cycle Shift-Dir - straight line, f/p - gnoll
Aim: a gnoll, wielding a +0 whip (heavily wounded, 75% to hit)
The puff of flame misses the gnoll.
The gnoll hits you with a +0 whip.
Aiming: Throw Flame
Press: ? - help, Q - select action, (/) - cycle Shift-Dir - straight line, f/p - gnoll
Aim: a gnoll, wielding a +0 whip (heavily wounded, 75% to hit)
The puff of flame hits the gnoll.
The gnoll is severely wounded.
The gnoll hits you with a +0 whip!
Ouch! That really hurt!
* * * LOW HITPOINT WARNING * * *
You take 9 damage, and have 2/15 hp.
MASSIVE DAMAGE!!
Aiming: Throw Flame
Press: ? - help, Q - select action, (/) - cycle Shift-Dir - straight line, f/p - gnoll
Aim: a gnoll, wielding a +0 whip (severely wounded, 75% to hit)
The puff of flame misses the gnoll.
The puff of flame hits the gnoll!
The gnoll is heavily wounded.
The gnoll hits you with a +0 whip.
You die...

.. .. ## #.
#. #. #.## #g
#.<# #.##
#..# #gg##.#
#..#
##g##.#.#
#### #@##.#.#
#..#.#.#
#######.#.#.#
#.........#.#
#.........#.#
..........#.#
........#.#.#
........#.#.#
.########.#.#
#


You could see 3 gnolls and a hobgoblin.

Vanquished Creatures
  A dart slug (D:1)
  A giant cockroach (D:1)
  2 frilled lizards
  A goblin (D:2)
  A kobold (D:1)
6 creatures vanquished.

Notes
Turn   | Place    | Note
-------+----------+-------------------------------------------
     0 | D:1      | jasper the Demonspawn Artificer began the quest for the
                  | Orb.
     0 | D:1      | Reached XP level 1. HP: 15/15 MP: 1/1
    26 | D:1      | Reached skill level 1 in Dodging
   180 | D:2      | Noticed Sigmund
   237 | D:2      | Slain by a gnoll

Illustrated notes

Levels and vault maps discovered:
D:1:      minmay_arrival_up_and_down, layout_basic,
          amcnicky_mini_rare_corridor_liquid, minmay_distorted
D:2:      layout_basic, minmay_tetromino_s4, uniq_sigmund
D:3:      layout_basic, shapermc_ecumenical_altar_ellora, minmay_strange_pillars

Skill      XL: |  1 |
---------------+----+-----
Dodging        | 1 |  1.1
Armour         | 2 |  2.0
Fighting       | |  1.2
Stealth        | |  0.8
Evocations     | |  3.1

Action                   || total
-------------------------++-------
Melee: Club              ||    10
Throw: Stone             ||     3
Evoke: Wand              ||     7
Armor: Leather armour    ||     3
Dodge: Dodged            ||    10

Table legend: (Time is in decaauts)
 A = Elapsed time spent in this place.
 B = Non-inter-level travel time spent in this place.
 C = Inter-level travel time spent in this place.
 D = Time resting spent in this place.
 E = Time spent auto-exploring this place.
 F = Levels seen in this place.
 G = Mean time per level.
                   A        B        C        D        E       F      G
               +--------+--------+--------+--------+--------+-----+--------+
         Total |    241 |    241 |      0 |    132 |     22 |   3 |   80.3 |
       Dungeon |    241 |    241 |      0 |    132 |     22 |   3 |   80.3 |
               +--------+--------+--------+--------+--------+-----+--------+

Top non-repeatable levels by time:
     D:1: 180 daAuts
     D:2: 57 daAuts
     D:3: 2 daAuts
